1886 views
Uploaded 2023-08-07 18:58:11
Game version 1.36 (6115)
27:11 long 3on3 ladder game on (6)StranglethornVale
Saved by GIGA
1886 views
Uploaded 2023-08-07 18:58:11
Game version 1.36 (6115)
27:11 long 3on3 ladder game on (6)StranglethornVale


140 units @ 21.1k
/ 3.4k
80 buildings @ 9.5k
/ 4.7k


| Lesser Clarity Potion | 2 | 140 |
| Potion of Healing | 2 | 300 |
| Potion of Mana | 1 | 200 |
| Scroll of Town Portal | 4 | 1400 |
| total: | 9 | 2040g |
| Peasant | 25 | 1875 | / | 0 |
| Rifleman | 6 | 1230 | / | 180 |
| Dragonhawk Rider | 3 | 600 | / | 90 |
| Gryphon Rider | 8 | 2240 | / | 560 |
| Siege Engine | 4 | 780 | / | 240 |
| Priest | 5 | 675 | / | 50 |
| Mur'gul Snarecaster | 1 | 215 | / | 20 |
| total: | 52 | 7615g | / | 1140w |
| Scout Tower | 3 | 90 | / | 60 |
| Arcane Tower | 2 | 140 | / | 100 |
| Blacksmith | 1 | 140 | / | 60 |
| Barracks | 1 | 160 | / | 60 |
| Altar of Kings | 1 | 180 | / | 50 |
| Farm | 12 | 960 | / | 240 |
| Town Hall | 2 | 770 | / | 410 |
| Lumber Mill | 1 | 120 | / | 0 |
| Arcane Vault | 1 | 130 | / | 30 |
| Gryphon Aviary | 3 | 420 | / | 450 |
| Workshop | 2 | 280 | / | 280 |
| Keep | 1 | 320 | / | 210 |
| Castle | 1 | 360 | / | 210 |
| total: | 27 | 3250g | / | 1640w |
| 0:08 | Peasant |
| 0:08 | Peasant |
| 0:08 | Peasant |
| 0:08 | Peasant |
| 0:34 | Blacksmith |
| 0:40 | Barracks |
| 0:57 | Altar of Kings |
| 1:10 | Farm |
| 1:22 | Peasant |
| 1:30 | Farm |
| 1:52 | Rifleman |
| 2:08 | Farm |
| 2:23 | Rifleman |
| 2:25 | Peasant |
| 2:35 | Black Gunpowder |
| 2:57 | Farm |
| 3:03 | Rifleman |
| 3:18 | Summon Water Elemental |
| 3:24 | Peasant |
| 3:24 | Peasant |
| 4:23 | Peasant |
| 4:30 | Town Hall |
| 4:39 | Rifleman |
| 4:54 | Rifleman |
| 5:28 | Rifleman |
| 5:31 | Brilliance Aura |
| 6:38 | Peasant |
| 6:38 | Peasant |
| 6:38 | Peasant |
| 6:53 | Lumber Mill |
| 6:55 | Keep |
| 7:42 | Scout Tower |
| 8:01 | Scout Tower |
| 8:08 | Scout Tower |
| 8:44 | Mur'gul Snarecaster |
| 8:52 | Arcane Tower |
| 8:54 | Arcane Tower |
| 10:23 | Peasant |
| 10:24 | Peasant |
| 10:24 | Peasant |
| 10:28 | Gryphon Aviary |
| 10:29 | Gryphon Aviary |
| 10:32 | Gryphon Aviary |
| 10:47 | Improved Lumber Harvesting |
| 10:52 | Arcane Vault |
| 11:05 | Farm |
| 11:09 | Farm |
| 11:38 | Peasant |
| 11:38 | Peasant |
| 11:41 | Peasant |
| 11:41 | Peasant |
| 12:03 | Lesser Clarity Potion |
| 12:08 | Potion of Healing |
| 12:08 | Potion of Mana |
| 12:13 | Castle |
| 12:20 | Advanced Lumber Harvesting |
| 12:22 | Iron Forged Swords |
| 12:34 | Dragonhawk Rider |
| 13:03 | Farm |
| 13:05 | Farm |
| 13:06 | Farm |
| 13:21 | Dragonhawk Rider |
| 13:53 | Holy Light |
| 14:34 | Cloud |
| 14:34 | Storm Hammers |
| 14:36 | Gryphon Rider |
| 15:17 | Gryphon Rider |
| 15:19 | Farm |
| 15:21 | Farm |
| 16:23 | Scroll of Town Portal |
| 16:31 | Gryphon Rider |
| 17:32 | Peasant |
| 17:32 | Peasant |
| 17:32 | Peasant |
| 17:59 | Scroll of Town Portal |
| 17:59 | Scroll of Town Portal |
| 18:21 | Workshop |
| 18:26 | Workshop |
| 18:36 | Scroll of Town Portal |
| 18:39 | Gryphon Rider |
| 18:39 | Gryphon Rider |
| 18:52 | Barrage |
| 19:14 | Siege Engine |
| 19:16 | Siege Engine |
| 19:42 | Lesser Clarity Potion |
| 20:00 | Siege Engine |
| 20:04 | Gryphon Rider |
| 20:49 | Farm |
| 21:54 | Summon Water Elemental |
| 22:51 | Town Hall |
| 23:13 | Dragonhawk Rider |
| 25:00 | Siege Engine |
| 25:03 | Gryphon Rider |
| 25:11 | Priest |
| 25:11 | Priest |
| 25:11 | Priest |
| 25:12 | Priest |
| 25:12 | Priest |
| 26:08 | Peasant |
| 26:08 | Peasant |
| 26:08 | Peasant |
| 26:14 | Gryphon Rider |
| 26:33 | Potion of Healing |
| Right click | 954 |
| Select | 352 |
| Select group | 237 |
| Build/train/purchase | 108 |
| Assign group | 22 |
| Use ability | 16 |
| Chat | 15 |
| Esc | 4 |
| Minimap ping | 4 |


| Scroll of Regeneration | 1 | 100 |
| Orb of Fire | 1 | 325 |
| Staff of Sanctuary | 1 | 250 |
| Circlet of Nobility | 1 | 175 |
| Staff of Teleportation | 1 | 150 |
| Boots of Speed | 1 | 250 |
| total: | 6 | 1250g |
| Peasant | 19 | 1425 | / | 0 |
| Footman | 6 | 810 | / | 0 |
| Dragonhawk Rider | 2 | 400 | / | 60 |
| Gryphon Rider | 8 | 2240 | / | 560 |
| Rifleman | 3 | 615 | / | 90 |
| Mur'gul Snarecaster | 2 | 430 | / | 40 |
| total: | 40 | 5920g | / | 750w |
| Scout Tower | 8 | 240 | / | 160 |
| Arcane Tower | 3 | 210 | / | 150 |
| Guard Tower | 4 | 280 | / | 200 |
| Farm | 9 | 720 | / | 180 |
| Barracks | 1 | 160 | / | 60 |
| Altar of Kings | 1 | 180 | / | 50 |
| Arcane Vault | 1 | 130 | / | 30 |
| Blacksmith | 1 | 140 | / | 60 |
| Town Hall | 4 | 1540 | / | 820 |
| Lumber Mill | 1 | 120 | / | 0 |
| Gryphon Aviary | 3 | 420 | / | 450 |
| Arcane Sanctum | 1 | 150 | / | 140 |
| Keep | 1 | 320 | / | 210 |
| Castle | 1 | 360 | / | 210 |
| total: | 30 | 3800g | / | 1950w |
| 0:21 | Peasant |
| 0:21 | Peasant |
| 0:26 | Peasant |
| 0:48 | Peasant |
| 0:53 | Farm |
| 0:59 | Barracks |
| 1:00 | Peasant |
| 1:05 | Altar of Kings |
| 1:24 | Peasant |
| 1:28 | Peasant |
| 1:30 | Peasant |
| 1:44 | Peasant |
| 1:51 | Farm |
| 1:57 | Farm |
| 2:02 | Scout Tower |
| 2:07 | Peasant |
| 2:13 | Peasant |
| 2:36 | Arcane Tower |
| 2:39 | Farm |
| 2:40 | Footman |
| 3:03 | Footman |
| 3:08 | Blizzard |
| 3:17 | Footman |
| 3:18 | Peasant |
| 3:19 | Arcane Vault |
| 3:41 | Farm |
| 4:02 | Peasant |
| 4:03 | Footman |
| 4:08 | Blacksmith |
| 4:09 | Peasant |
| 4:14 | Brilliance Aura |
| 4:21 | Footman |
| 4:32 | Peasant |
| 5:09 | Town Hall |
| 5:12 | Town Hall |
| 5:17 | Footman |
| 5:21 | Scroll of Regeneration |
| 5:41 | Farm |
| 6:04 | Iron Forged Swords |
| 6:46 | Keep |
| 6:48 | Scout Tower |
| 6:49 | Peasant |
| 6:49 | Peasant |
| 7:10 | Blizzard |
| 7:21 | Mur'gul Snarecaster |
| 7:34 | Lumber Mill |
| 7:36 | Studded Leather Armor |
| 7:40 | Arcane Tower |
| 7:41 | Scout Tower |
| 8:31 | Arcane Tower |
| 8:32 | Scout Tower |
| 8:39 | Improved Lumber Harvesting |
| 9:27 | Castle |
| 9:30 | Gryphon Aviary |
| 9:31 | Gryphon Aviary |
| 9:33 | Steel Forged Swords |
| 9:49 | Guard Tower |
| 9:50 | Scout Tower |
| 9:50 | Peasant |
| 10:27 | Flame Strike |
| 10:32 | Reinforced Leather Armor |
| 10:35 | Peasant |
| 10:36 | Guard Tower |
| 10:37 | Farm |
| 10:46 | Dragonhawk Rider |
| 10:49 | Advanced Lumber Harvesting |
| 10:59 | Gryphon Aviary |
| 11:00 | Farm |
| 11:04 | Circlet of Nobility |
| 11:05 | Staff of Teleportation |
| 11:06 | Boots of Speed |
| 11:15 | Dragonhawk Rider |
| 11:49 | Gryphon Rider |
| 11:50 | Storm Hammers |
| 11:54 | Animal War Training |
| 12:04 | Orb of Fire |
| 12:06 | Staff of Sanctuary |
| 12:14 | Gryphon Rider |
| 12:29 | Gryphon Rider |
| 12:57 | Mithril Forged Swords |
| 13:07 | Gryphon Rider |
| 13:14 | Cloud |
| 13:32 | Mur'gul Snarecaster |
| 14:08 | Gryphon Rider |
| 14:12 | Farm |
| 14:39 | Banish |
| 15:40 | Gryphon Rider |
| 15:49 | Arcane Sanctum |
| 15:59 | Gryphon Rider |
| 16:14 | Gryphon Rider |
| 16:26 | Rifleman |
| 16:39 | Rifleman |
| 17:02 | Town Hall |
| 17:05 | Scout Tower |
| 17:27 | Scout Tower |
| 17:28 | Improved Masonry |
| 18:04 | Guard Tower |
| 18:05 | Scout Tower |
| 18:44 | Rifleman |
| 18:47 | Town Hall |
| 18:48 | Guard Tower |
| Right click | 592 |
| Select | 376 |
| Build/train/purchase | 86 |
| Misc. action | 62 |
| Chat | 40 |
| Use ability | 35 |
| Select group | 29 |
| Assign group | 16 |
| Minimap ping | 7 |
| Item give/drop | 3 |



| Orb of Fire | 2 | 650 |
| Potion of Healing | 1 | 150 |
| Scroll of Regeneration | 1 | 100 |
| Scroll of Town Portal | 1 | 350 |
| total: | 5 | 1250g |
| Peasant | 15 | 1125 | / | 0 |
| Footman | 7 | 945 | / | 0 |
| Mortar Team | 2 | 360 | / | 140 |
| Siege Engine | 15 | 2925 | / | 900 |
| Gryphon Rider | 7 | 1960 | / | 490 |
| Priest | 2 | 270 | / | 20 |
| total: | 48 | 7585g | / | 1550w |
| Scout Tower | 5 | 150 | / | 100 |
| Arcane Tower | 2 | 140 | / | 100 |
| Guard Tower | 3 | 210 | / | 150 |
| Altar of Kings | 1 | 180 | / | 50 |
| Lumber Mill | 1 | 120 | / | 0 |
| Farm | 9 | 720 | / | 180 |
| Barracks | 1 | 160 | / | 60 |
| Arcane Vault | 1 | 130 | / | 30 |
| Town Hall | 1 | 385 | / | 205 |
| Blacksmith | 1 | 140 | / | 60 |
| Workshop | 1 | 140 | / | 140 |
| Gryphon Aviary | 1 | 140 | / | 150 |
| Arcane Sanctum | 1 | 150 | / | 140 |
| Keep | 1 | 320 | / | 210 |
| Castle | 1 | 360 | / | 210 |
| total: | 23 | 2415g | / | 1115w |
| 0:04 | Peasant |
| 0:04 | Peasant |
| 0:11 | Altar of Kings |
| 0:22 | Peasant |
| 0:33 | Lumber Mill |
| 0:37 | Farm |
| 0:38 | Peasant |
| 0:47 | Peasant |
| 0:57 | Peasant |
| 1:08 | Barracks |
| 1:19 | Peasant |
| 1:27 | Farm |
| 1:34 | Scout Tower |
| 1:37 | Peasant |
| 1:54 | Scout Tower |
| 2:08 | Footman |
| 2:09 | Footman |
| 2:17 | Farm |
| 2:18 | Arcane Tower |
| 2:32 | Arcane Vault |
| 2:38 | Guard Tower |
| 2:44 | Holy Light |
| 2:52 | Footman |
| 3:16 | Footman |
| 3:24 | Defend |
| 3:33 | Farm |
| 4:10 | Keep |
| 4:38 | Devotion Aura |
| 4:46 | Footman |
| 4:54 | Scout Tower |
| 5:15 | Footman |
| 5:15 | Footman |
| 5:31 | Scout Tower |
| 5:32 | Guard Tower |
| 5:59 | Guard Tower |
| 6:10 | Town Hall |
| 6:43 | Castle |
| 6:50 | Blacksmith |
| 7:10 | Holy Light |
| 7:40 | Peasant |
| 7:40 | Peasant |
| 7:45 | Scout Tower |
| 8:03 | Workshop |
| 8:30 | Arcane Tower |
| 8:34 | Peasant |
| 8:34 | Peasant |
| 8:49 | Black Gunpowder |
| 8:57 | Thunder Clap |
| 9:04 | Mortar Team |
| 9:04 | Mortar Team |
| 9:09 | Farm |
| 10:08 | Farm |
| 10:09 | Siege Engine |
| 10:09 | Siege Engine |
| 10:37 | Siege Engine |
| 10:52 | Gryphon Aviary |
| 11:27 | Improved Lumber Harvesting |
| 11:48 | Orb of Fire |
| 12:05 | Siege Engine |
| 12:37 | Farm |
| 12:48 | Arcane Sanctum |
| 13:23 | Storm Hammers |
| 13:23 | Gryphon Rider |
| 13:24 | Gryphon Rider |
| 14:08 | Farm |
| 14:09 | Siege Engine |
| 14:10 | Siege Engine |
| 15:12 | Farm |
| 15:33 | Priest Adept Training |
| 15:33 | Priest |
| 15:33 | Priest |
| 15:48 | Barrage |
| 15:48 | Siege Engine |
| 15:49 | Siege Engine |
| 15:49 | Siege Engine |
| 16:17 | Potion of Healing |
| 16:18 | Orb of Fire |
| 16:19 | Scroll of Town Portal |
| 16:20 | Scroll of Regeneration |
| 16:30 | Storm Bolt |
| 18:03 | Siege Engine |
| 18:03 | Siege Engine |
| 18:12 | Improved Masonry |
| 18:13 | Advanced Masonry |
| 18:47 | Siege Engine |
| 18:48 | Siege Engine |
| 19:42 | Siege Engine |
| 19:42 | Siege Engine |
| 20:57 | Gryphon Rider |
| 20:57 | Gryphon Rider |
| 20:57 | Gryphon Rider |
| 20:57 | Gryphon Rider |
| 22:14 | Brilliance Aura |
| 23:14 | Gryphon Rider |
| 25:36 | Peasant |
| 25:37 | Peasant |
| 25:37 | Peasant |
| Right click | 1150 |
| Select group | 524 |
| Select | 262 |
| Build/train/purchase | 97 |
| Use ability | 41 |
| Assign group | 25 |
| Resource trade | 10 |
| Chat | 7 |
| Esc | 2 |
77 units @ 7.8k
/ 1.2k
114 buildings @ 8.9k
/ 4.1k


| Boots of Speed | 2 | 500 |
| total: | 2 | 500g |
| Peasant | 20 | 1500 | / | 0 |
| Mortar Team | 4 | 720 | / | 280 |
| Flying Machine | 20 | 2000 | / | 600 |
| total: | 44 | 4220g | / | 880w |
| Scout Tower | 23 | 690 | / | 460 |
| Guard Tower | 14 | 980 | / | 700 |
| Arcane Tower | 1 | 70 | / | 50 |
| Altar of Kings | 2 | 360 | / | 100 |
| Farm | 23 | 1840 | / | 460 |
| Lumber Mill | 1 | 120 | / | 0 |
| Town Hall | 2 | 770 | / | 410 |
| Blacksmith | 1 | 140 | / | 60 |
| Arcane Vault | 1 | 130 | / | 30 |
| Workshop | 3 | 420 | / | 420 |
| Keep | 1 | 320 | / | 210 |
| Castle | 1 | 360 | / | 210 |
| total: | 56 | 4470g | / | 1940w |
| 0:02 | Peasant |
| 0:02 | Peasant |
| 0:05 | Altar of Kings |
| 0:07 | Peasant |
| 0:19 | Farm |
| 0:20 | Peasant |
| 0:34 | Lumber Mill |
| 0:35 | Peasant |
| 0:45 | Farm |
| 0:55 | Peasant |
| 1:12 | Peasant |
| 1:17 | Scout Tower |
| 1:22 | Peasant |
| 1:41 | Peasant |
| 1:43 | Improved Lumber Harvesting |
| 1:52 | Scout Tower |
| 1:59 | Guard Tower |
| 2:01 | Peasant |
| 2:05 | Storm Bolt |
| 2:10 | Scout Tower |
| 2:15 | Farm |
| 2:18 | Peasant |
| 2:22 | Guard Tower |
| 2:24 | Scout Tower |
| 2:30 | Peasant |
| 2:37 | Peasant |
| 2:43 | Scout Tower |
| 3:03 | Scout Tower |
| 3:04 | Guard Tower |
| 3:28 | Town Hall |
| 3:35 | Peasant |
| 3:38 | Arcane Tower |
| 4:00 | Guard Tower |
| 4:02 | Scout Tower |
| 4:43 | Guard Tower |
| 4:45 | Scout Tower |
| 4:45 | Scout Tower |
| 4:46 | Scout Tower |
| 4:54 | Keep |
| 5:00 | Peasant |
| 5:07 | Improved Masonry |
| 5:12 | Peasant |
| 5:20 | Guard Tower |
| 5:45 | Guard Tower |
| 5:54 | Blacksmith |
| 5:58 | Scout Tower |
| 5:58 | Scout Tower |
| 6:00 | Scout Tower |
| 6:01 | Scout Tower |
| 6:44 | Guard Tower |
| 6:47 | Guard Tower |
| 6:52 | Guard Tower |
| 7:04 | Scout Tower |
| 7:05 | Scout Tower |
| 7:07 | Scout Tower |
| 7:10 | Scout Tower |
| 7:12 | Scout Tower |
| 7:16 | Advanced Lumber Harvesting |
| 7:17 | Advanced Masonry |
| 7:20 | Castle |
| 7:22 | Black Gunpowder |
| 7:24 | Farm |
| 7:25 | Farm |
| 7:39 | Guard Tower |
| 8:18 | Scout Tower |
| 8:26 | Holy Light |
| 8:34 | Guard Tower |
| 9:02 | Workshop |
| 9:10 | Workshop |
| 9:14 | Workshop |
| 9:17 | Guard Tower |
| 9:22 | Guard Tower |
| 9:26 | Peasant |
| 9:26 | Peasant |
| 9:37 | Refined Gunpowder |
| 10:32 | Flying Machine Bombs |
| 10:33 | Flak Cannons |
| 10:33 | Flare |
| 10:38 | Farm |
| 10:38 | Farm |
| 10:51 | Fragmentation Shards |
| 10:55 | Imbued Gunpowder |
| 10:59 | Peasant |
| 11:05 | Imbued Masonry |
| 11:19 | Farm |
| 11:19 | Farm |
| 11:55 | Mortar Team |
| 12:32 | Flying Machine |
| 12:32 | Flying Machine |
| 12:32 | Flying Machine |
| 12:32 | Flying Machine |
| 12:32 | Flying Machine |
| 12:33 | Flying Machine |
| 12:33 | Flying Machine |
| 12:37 | Iron Plating |
| 12:48 | Farm |
| 12:49 | Farm |
| 13:29 | Flying Machine |
| 14:06 | Flying Machine |
| 14:09 | Farm |
| 14:09 | Farm |
| 14:35 | Steel Plating |
| 15:11 | Flying Machine |
| 15:12 | Flying Machine |
| 15:12 | Flying Machine |
| 15:12 | Flying Machine |
| 15:12 | Flying Machine |
| 15:40 | Flying Machine |
| 15:45 | Storm Bolt |
| 15:59 | Flying Machine |
| 16:02 | Mithril Plating |
| 16:44 | Town Hall |
| 17:40 | Divine Shield |
| 18:50 | Bash |
| 19:44 | Bash |
| 19:46 | Holy Light |
| 19:50 | Flying Machine |
| 19:50 | Flying Machine |
| 19:50 | Flying Machine |
| 19:50 | Flying Machine |
| 20:19 | Divine Shield |
| 20:45 | Mortar Team |
| 20:45 | Mortar Team |
| 20:46 | Mortar Team |
| 21:44 | Arcane Vault |
| 22:52 | Altar of Kings |
| 23:08 | Scout Tower |
| 23:10 | Scout Tower |
| 23:10 | Scout Tower |
| 23:36 | Farm |
| 23:37 | Farm |
| 23:37 | Farm |
| 23:38 | Farm |
| 23:39 | Farm |
| 23:40 | Farm |
| 23:41 | Farm |
| 23:41 | Farm |
| 23:42 | Farm |
| 23:43 | Farm |
| 25:59 | Peasant |
| 26:02 | Boots of Speed |
| 26:03 | Boots of Speed |
| Right click | 1038 |
| Select | 374 |
| Select group | 246 |
| Build/train/purchase | 105 |
| Use ability | 55 |
| Misc. action | 52 |
| Assign group | 12 |
| Esc | 6 |
| Item give/drop | 2 |
| Minimap ping | 1 |
GIGA
(207)
(27:09) : 


| Peasant | 14 | 1050 | / | 0 |
| Dragonhawk Rider | 3 | 600 | / | 90 |
| Goblin Shredder | 1 | 375 | / | 100 |
| total: | 18 | 2025g | / | 190w |
| Scout Tower | 29 | 870 | / | 580 |
| Arcane Tower | 6 | 420 | / | 300 |
| Guard Tower | 10 | 700 | / | 500 |
| Altar of Kings | 1 | 180 | / | 50 |
| Farm | 7 | 560 | / | 140 |
| Lumber Mill | 2 | 240 | / | 0 |
| Arcane Vault | 1 | 130 | / | 30 |
| Gryphon Aviary | 1 | 140 | / | 150 |
| Keep | 1 | 320 | / | 210 |
| Castle | 1 | 360 | / | 210 |
| total: | 41 | 2120g | / | 950w |
| 0:02 | Peasant |
| 0:02 | Peasant |
| 0:06 | Altar of Kings |
| 0:09 | Farm |
| 0:21 | Lumber Mill |
| 0:25 | Peasant |
| 0:33 | Peasant |
| 0:42 | Farm |
| 0:51 | Peasant |
| 1:09 | Peasant |
| 1:11 | Improved Lumber Harvesting |
| 1:19 | Peasant |
| 1:41 | Peasant |
| 1:44 | Peasant |
| 1:48 | Farm |
| 1:55 | Scout Tower |
| 2:07 | Scout Tower |
| 2:22 | Arcane Tower |
| 2:41 | Peasant |
| 2:41 | Peasant |
| 2:42 | Peasant |
| 2:42 | Peasant |
| 2:43 | Peasant |
| 2:46 | Guard Tower |
| 2:54 | Storm Bolt |
| 3:12 | Scout Tower |
| 3:13 | Scout Tower |
| 3:16 | Scout Tower |
| 3:52 | Guard Tower |
| 3:54 | Scout Tower |
| 3:54 | Scout Tower |
| 3:55 | Scout Tower |
| 3:57 | Scout Tower |
| 4:03 | Keep |
| 4:05 | Improved Masonry |
| 4:26 | Scout Tower |
| 4:27 | Scout Tower |
| 4:36 | Bash |
| 4:38 | Bash |
| 5:23 | Guard Tower |
| 5:26 | Scout Tower |
| 5:26 | Scout Tower |
| 5:27 | Scout Tower |
| 5:32 | Guard Tower |
| 5:33 | Scout Tower |
| 5:44 | Lumber Mill |
| 6:01 | Goblin Shredder |
| 6:10 | Guard Tower |
| 6:42 | Arcane Tower |
| 6:44 | Scout Tower |
| 6:46 | Scout Tower |
| 6:52 | Guard Tower |
| 6:55 | Farm |
| 7:11 | Arcane Tower |
| 7:13 | Advanced Masonry |
| 7:17 | Arcane Tower |
| 7:19 | Scout Tower |
| 7:21 | Scout Tower |
| 7:42 | Castle |
| 7:53 | Arcane Tower |
| 7:55 | Scout Tower |
| 8:00 | Scout Tower |
| 8:01 | Scout Tower |
| 8:02 | Scout Tower |
| 8:03 | Scout Tower |
| 8:07 | Scout Tower |
| 8:07 | Scout Tower |
| 8:28 | Gryphon Aviary |
| 8:37 | Arcane Vault |
| 8:42 | Arcane Tower |
| 8:55 | Holy Light |
| 9:07 | Guard Tower |
| 9:36 | Guard Tower |
| 10:18 | Cloud |
| 10:19 | Dragonhawk Rider |
| 10:19 | Dragonhawk Rider |
| 10:20 | Imbued Masonry |
| 10:52 | Scout Tower |
| 10:52 | Scout Tower |
| 10:53 | Scout Tower |
| 10:56 | Farm |
| 10:57 | Farm |
| 10:58 | Farm |
| 11:48 | Guard Tower |
| 11:51 | Dragonhawk Rider |
| 12:25 | Guard Tower |
| 15:51 | Storm Bolt |
| 15:53 | Divine Shield |
| 17:51 | Holy Light |
| 23:09 | Brilliance Aura |
| 24:04 | Storm Bolt |
| 24:49 | Storm Bolt |
| 25:18 | Holy Light |
| 26:21 | Blizzard |
| Right click | 1530 |
| Select group | 1380 |
| Select | 341 |
| Build/train/purchase | 95 |
| Resource trade | 43 |
| Assign group | 18 |
| Use ability | 18 |
| Minimap ping | 18 |
| Chat | 8 |
| Misc. action | 2 |
| Esc | 1 |
Cabeelibob
(194)
(27:08) : 

x1)
| Healing Salve | 2 | 200 |
| Lesser Clarity Potion | 7 | 490 |
| Potion of Mana | 2 | 400 |
| Orb of Lightning | 1 | 375 |
| Potion of Healing | 2 | 300 |
| Boots of Speed | 1 | 250 |
| Staff of Teleportation | 1 | 150 |
| Tome of Retraining | 1 | 300 |
| total: | 17 | 2465g |
| Peon | 11 | 825 | / | 0 |
| Troll Witch Doctor | 3 | 435 | / | 75 |
| Kodo Beast | 1 | 255 | / | 60 |
| total: | 15 | 1515g | / | 135w |
| Watch Tower | 9 | 990 | / | 720 |
| Altar of Storms | 1 | 180 | / | 50 |
| Orc Burrow | 3 | 480 | / | 120 |
| War Mill | 1 | 205 | / | 0 |
| Voodoo Lounge | 1 | 130 | / | 30 |
| Spirit Lodge | 1 | 150 | / | 150 |
| Beastiary | 1 | 145 | / | 140 |
| Stronghold | 1 | 315 | / | 190 |
| Fortress | 1 | 325 | / | 190 |
| total: | 17 | 2280g | / | 1210w |
| 0:04 | Altar of Storms |
| 0:07 | Peon |
| 0:11 | Orc Burrow |
| 0:11 | Peon |
| 0:38 | Peon |
| 1:02 | Peon |
| 1:02 | Peon |
| 1:10 | War Mill |
| 1:16 | Voodoo Lounge |
| 1:33 | Peon |
| 1:41 | Peon |
| 1:50 | Peon |
| 2:06 | Peon |
| 2:13 | Wind Walk |
| 2:28 | Orc Burrow |
| 2:49 | Peon |
| 2:55 | Watch Tower |
| 3:00 | Peon |
| 3:41 | Stronghold |
| 4:08 | Watch Tower |
| 4:13 | Boots of Speed |
| 4:13 | Staff of Teleportation |
| 4:42 | Critical Strike |
| 4:57 | Orc Burrow |
| 5:33 | Watch Tower |
| 5:33 | Watch Tower |
| 5:43 | Healing Salve |
| 5:46 | Lesser Clarity Potion |
| 5:55 | Spiked Barricades |
| 6:47 | Fortress |
| 6:49 | Spirit Lodge |
| 6:51 | Beastiary |
| 6:55 | Lesser Clarity Potion |
| 7:02 | Watch Tower |
| 7:03 | Watch Tower |
| 8:13 | Witch Doctor Adept Training |
| 8:31 | Potion of Mana |
| 8:33 | Lesser Clarity Potion |
| 8:39 | Reinforced Defenses |
| 9:31 | Watch Tower |
| 9:33 | Watch Tower |
| 10:02 | Critical Strike |
| 10:54 | Witch Doctor Master Training |
| 10:55 | Troll Witch Doctor |
| 10:55 | Troll Witch Doctor |
| 10:55 | Troll Witch Doctor |
| 11:19 | Lesser Clarity Potion |
| 11:27 | Orb of Lightning |
| 11:36 | Potion of Healing |
| 13:11 | Lesser Clarity Potion |
| 14:15 | Wind Walk |
| 14:21 | War Drums Damage Increase |
| 14:35 | Healing Salve |
| 14:48 | Improved Spiked Barricades |
| 16:09 | Critical Strike |
| 16:28 | Kodo Beast |
| 17:48 | Lesser Clarity Potion |
| 17:49 | Potion of Mana |
| 17:52 | Potion of Healing |
| 18:33 | Wind Walk |
| 18:44 | Tome of Retraining |
| 18:44 | Retrain Hero |
| 18:46 | Wind Walk |
| 18:47 | Critical Strike |
| 18:47 | Critical Strike |
| 18:48 | Wind Walk |
| 18:49 | Bladestorm |
| 18:52 | Critical Strike |
| 22:33 | Watch Tower |
| 22:41 | Lesser Clarity Potion |
| 24:28 | Endurance Aura |
| 24:44 | Wind Walk |
| 24:53 | War Stomp |
| 25:02 | Mirror Image |
| Right click | 977 |
| Misc. action | 148 |
| Select group | 141 |
| Build/train/purchase | 137 |
| Select | 129 |
| Chat | 50 |
| Resource trade | 39 |
| Item give/drop | 16 |
| Use ability | 14 |
| Minimap ping | 5 |
| Assign group | 2 |
| Remove unit | 1 |